 Dungeon Crawl Stone Soup version 0.17-a0-1646-geb1493d (webtiles) character file.

95 KarvaRausku the Ducker (level 4, -1/34 HPs)
             Began as a Human Gladiator on Aug 9, 2015.
             Slain by a goblin (3 damage)
             ... led by Robin
             ... on level 2 of the Dungeon.
             The game lasted 00:03:49 (1519 turns).

KarvaRausku the Ducker (Human Gladiator)            Turns: 1519, Time: 00:03:49

Health: -1/34      AC:  5    Str: 16    XL:     4   Next: 95%
Magic:  4/4        EV: 13    Int:  8    God:
Gold:   105        SH:  0    Dex: 14    Spells: 0 memorised, 3 levels left

rFire  . . .     SeeInvis .     a - +1 war axe
rCold  . . .     Clarity  .     b - +0 leather armour
rNeg   . . .     SustAt   .     (no shield)
rPois  .         Gourm    .     c - +0 helmet
rElec  .         Spirit   .     (no cloak)
rCorr  .         Warding  .     p - +0 pair of gloves
rMut   .         Stasis   .     (no boots)
MR     .....                    (no amulet)
Stlth  +.........               (no ring)
                                (no ring)

@: not resistant to hostile enchantments, very unstealthy
A: no striking features
a: no special abilities


You were on level 2 of the Dungeon.
You were very hungry.

You visited 1 branch of the dungeon, and saw 3 of its levels.

You collected 105 gold pieces.

Inventory:

Hand weapons
 a - a +1 war axe (weapon)
Missiles
 d - 3 throwing nets (quivered)
Armour
 b - a +0 leather armour (worn)
 c - a +0 helmet (worn)
 p - a +0 pair of gloves (worn)
Jewellery
 q - an uncursed ring of see invisible {unknown}
 t - an uncursed ring of poison resistance {unknown}
Magical devices
 w - a wand of slowing (19)
Scrolls
 g - 2 scrolls of enchant weapon
 h - a scroll of magic mapping {unknown}
 k - a scroll of identify {unknown}
 v - a scroll of fear {unknown}
 x - a scroll of amnesia
Potions
 f - 3 potions of curing {unknown}
 l - a potion of resistance {unknown}
 o - a potion of poison {unknown}
 r - a potion of lignification {unknown}
 u - a potion of agility {unknown}
Comestibles
 e - a bread ration
 n - 3 fruits
 s - a royal jelly
 z - 3 chunks of flesh


   Skills:
 + Level 2.4 Fighting
 + Level 3.9 Axes
 + Level 2.0 Throwing
 + Level 1.0 Armour
 + Level 4.0 Dodging
 + Level 0.4 Stealth


You had 3 spell levels left.
You didn't know any spells.

Dungeon Overview and Level Annotations

Branches:
Dungeon (3/15)

Altars:

Annotations:
D:3 Robin


Message History

As you read the scroll labeled JIAKAU RON MOG, it crumbles to dust.
You feel blessed for a moment.
It was a scroll of remove curse.
The goblin closely misses you. The giant cockroach barely misses you.
The goblin completely misses you.
Read which item? (? for menu, Esc to quit)
You can't read that!
Read which item? (? for menu, Esc to quit)
As you read the scroll labeled HUMIACLENUT, it crumbles to dust.
It is a scroll of enchant weapon.
Enchant which weapon? (? for menu, Esc to quit)
Your +0 war axe glows red for a moment.
The goblin hits you.
* * * LOW HITPOINT WARNING * * *
The giant cockroach closely misses you. The goblin closely misses you.
Unknown command.
Read which item? (? for menu, Esc to quit)
As you read the scroll labeled SOBLEBL WIVOC, it crumbles to dust.
You feel forgetful for a moment.
It was a scroll of amnesia.
The giant cockroach completely misses you.
The goblin barely misses you. The goblin hits you.
You die...

######.####♣♣♣♣♣♣..## ###.#
....##.# ♣.♣.PP.♣..####### #....
###.##.# ♣P..PP♣♣...##...# #.#.#
###.##.###♣♣♣♣.P.♣♣.......# #.#.#
.......#.##♣.....PP♣.##...# #.#..
.##.###....♣♣♣P......###.## #.###
###.####.###.♣♣♣P.♣♣.###.## #....
♣...##......##♣♣♣♣♣.......#######
..####.#.##.###(@g..........# ♣##
#.#.#...##sg.#########.# ♣
#.#.....####.# #.#
#.###...####.#### #.#
#.####.##.......# #.#
#####......##.......# #.#
#...######.##.......# ##.#
♣.♣........##.......# #..#
♣♣.♣♣#####..##.......# #.##


You could see a giant cockroach and 2 goblins.

Vanquished Creatures
  Jessica (D:2)
  2 adders (D:2)
  An ooze (D:1)
  3 giant cockroaches
  11 goblins
  7 hobgoblins
  3 jackals (D:2)
  2 ball pythons
  8 bats
  2 kobolds
  3 rats
43 creatures vanquished.

Notes
Turn   | Place    | Note
--------------------------------------------------------------
     0 | D:1      | KarvaRausku the Human Gladiator began the quest for the Orb.
     0 | D:1      | Reached XP level 1. HP: 16/16 MP: 1/1
   118 | D:1      | Reached XP level 2. HP: 16/22 MP: 2/2
   429 | D:1      | Reached XP level 3. HP: 27/27 MP: 3/3
   722 | D:2      | Noticed Jessica
   738 | D:2      | Killed Jessica
   738 | D:2      | Reached XP level 4. HP: 32/34 MP: 4/4
   940 | D:2      | Reached skill level 1 in Armour
  1493 | D:3      | Noticed Robin
  1502 | D:3      | Reached skill level 4 in Dodging
  1519 | D:2      | Slain by a goblin

Vault maps used:
D:1:      ncdulo_wetmaze
D:2:      serial_forest, infiniplex_forest_end_1, infiniplex_forest_pool,
          infiniplex_forest_end_3, infiniplex_forest_lined_ring,
          infiniplex_forest_end_2, infiniplex_forest_corner_2,
          kennysheep_small_spiral, uniq_jessica
D:3:      tso_metal_star, uniq_robin

Action                   |  1- 3 |  4- 6 || total
-------------------------+-------+-------++-------
Melee: War axe           |    61 |    58 ||   119
  Use: Scroll            |       |     5 ||     5
  Eat: Chunk             |       |     1 ||     1
